 Dungeon Crawl Stone Soup version 0.26.1-11-gd32895ea62 (webtiles) character file.

Game seed: 17756561553211795156

585 jlumianski the Grasshopper (level 7, 0/56 HPs)
             Began as a Gnoll Warper on July 2, 2021.
             Shot with an arrow by a centaur (7 damage)
             ... on level 6 of the Dungeon.
             The game lasted 00:19:35 (6259 turns).

jlumianski the Grasshopper (Gnoll Warper)           Turns: 6259, Time: 00:19:36

Health: 0/56       AC:  9    Str: 10 (13) XL:     7   Next: 37%
Magic:  3/15       EV: 13    Int: 16 (17) God:
Gold:   306        SH:  0    Dex: 14 (15) Spells: 12/17 levels left

rFire    . . .     SeeInvis .   a - +0 hand axe
rCold    . . .     Faith    .   (no shield)
rNeg     . . .     Spirit   .   v - +3 ring mail
rPois    .         Reflect  .   (no helmet)
rElec    .         Harm     .   (no cloak)
rCorr    .         Rampage  .   p - +0 pair of gloves
Will     .....                  (no boots)
Stlth    +.........             (no amulet)
HPRegen  0.18/turn              (no ring)
MPRegen  0.14/turn              (no ring)

@: no status effects
A: distributed training, fangs 1, strong nose
a: no special abilities


You were on level 6 of the Dungeon.
You visited 2 branches of the dungeon, and saw 7 of its levels.

You collected 306 gold pieces.

Inventory:

Hand Weapons
 a - a +0 hand axe (weapon)
 m - a +2 short sword of speed
 A - a +1 mace of draining
 E - a +1 falchion of flaming
 H - a +0 short sword of holy wrath
Missiles
 e - 11 boomerangs of dispersal
 g - 216 stones
 t - 4 poisoned darts (quivered)
 y - 41 bolts
 C - 7 sling bullets
 F - a throwing net
 G - 48 arrows
Armour
 b - a +0 leather armour
 c - a +0 ring mail
 i - cursed +0 pearl dragon scales
 p - a +0 pair of gloves (worn)
 v - a +3 ring mail (worn)
 I - a scarf of shadows
Wands
 J - a wand of paralysis (10)
 M - a wand of flame (11)
Scrolls
 d - 2 scrolls of blinking
 k - 2 scrolls of enchant armour {unknown}
 q - 6 scrolls of remove curse
 r - a scroll of magic mapping {unknown}
 u - 7 scrolls of identify
 w - 4 scrolls of immolation {unknown}
 x - a scroll of fog {unknown}
 D - 3 scrolls of teleportation {unknown}
 L - a scroll of acquirement {unknown}
Potions
 f - a potion of haste
 h - a potion of degeneration
 j - a potion of flight {unknown}
 l - a potion of lignification
 n - 2 potions of curing
 o - a potion of resistance {unknown}
 s - a potion of invisibility {unknown}
 z - 2 potions of might
 B - a potion of mutation {unknown}
 K - a potion of heal wounds {unknown}


   Skills:
 + Level 5.2 Fighting
 + Level 2.4 Short Blades
 + Level 2.4 Long Blades
 + Level 5.2 Axes
 + Level 2.4 Maces & Flails
 + Level 2.4 Polearms
 + Level 2.4 Staves
 + Level 2.4 Slings
 + Level 2.4 Bows
 + Level 2.4 Crossbows
 + Level 3.6 Throwing
 + Level 3.6 Armour
 + Level 5.2 Dodging
 + Level 2.4 Stealth
 + Level 2.4 Shields
 + Level 2.4 Unarmed Combat
 + Level 5.6 Spellcasting
 + Level 2.0 Conjurations
 + Level 2.0 Hexes
 + Level 2.0 Summonings
 + Level 2.0 Necromancy
 + Level 5.8 Translocations
 + Level 2.0 Transmutations
 + Level 2.0 Fire Magic
 + Level 2.0 Ice Magic
 + Level 2.0 Air Magic
 + Level 2.0 Earth Magic
 + Level 2.0 Poison Magic
 + Level 2.7 Invocations
 + Level 2.4 Evocations


You had 12 spell levels left.
You knew the following spells:

 Your Spells              Type           Power        Failure   Level
a - Blink                 Tloc           N/A          4%          2
b - Gell's Gravitas       Tloc           11%          10%         3

Your spell library contained the following spells:

 Spells                   Type           Power        Failure   Level
 Lesser Beckoning         Tloc           11%          10%         3
 Teleport Other           Tloc           23%          10%         3
 Passage of Golubria      Tloc           N/A          30%         4


Dungeon Overview and Level Annotations

Branches:
Dungeon (6/15)             Temple (1/1) D:5

Altars:
Dithmenos
Fedhas
Gozag
Hepliaklqana
Kikubaaqudgha
Makhleb
Qazlal
Ru
Sif Muna
Trog
Uskayaw
Vehumet
Wu Jian
Xom
Yredelemnul
Zin
The Shining One

Shops:
D:4 :


Innate Abilities, Weirdness & Mutations

Your experience applies equally to all skills.
You have very sharp teeth.
Your uncanny sense of smell can sniff out nearby items.


Message History

* * * LOW HITPOINT WARNING * * *
Casting: Gell's Gravitas (dangerous; 10% risk of failure)
Confirm with . or Enter, or press ? or * to list all spells.
You blink.
Casting: Blink (safe; 4% risk of failure)
Confirm with . or Enter, or press ? or * to list all spells.
You blink.
The ogre looks more healthy.
A sky beast, an orc wizard and a centaur come into view.
The centaur shouts!
The orc wizard shouts!
You hear an angry hiss.
You hear a shout!
The centaur wields a +0 shortbow.
The centaur shoots an arrow.
The arrow completely misses you.
The orc wizard looks encouraged for a moment.
You hear an angry hiss.
You hear a shout!
You feel better.
The centaur shoots an arrow.
The arrow hits you!
* * * LOW HITPOINT WARNING * * *
An orc comes into view.
The centaur shoots an arrow.
The arrow hits you!
You die...

... ... ∆ ..o . #..
.. .. ##.. o. ...
..# c# .... ∆ #.#
.#..... ..###.##
###.......
.......########.@..#
.. #(.##.........##
...##.........O...#
........#....O....#
.####.#.#.........#
#.#...(.....).# ###
####.###..#.######
.... #.$...)...#.###
##.....
#........##...#####
#####...#.#.


You could see 2 ogres, a centaur, an orc wizard and an orc.

Vanquished Creatures
  A phantom (D:5)
  A wyvern skeleton (D:4)
  Terence (D:2)
  An iguana (D:4)
  Natasha (thrice) (D:4)
  3 worker ants
  A killer bee zombie (D:5)
  7 gnolls
  4 adders
  An ufetubus (D:5)
  2 adder skeletons (D:4)
  4 worms
  3 dart slugs
  2 leopard geckos
  11 orcs
  5 giant cockroaches
  8 goblins
  4 hobgoblins
  A quokka (D:5)
  2 ball pythons (D:1)
  14 bats
  8 frilled lizards
  A jackal skeleton (D:4)
  4 kobolds (D:1)
  A leopard gecko skeleton (D:4)
  A quokka skeleton (D:4)
  9 rats
103 creatures vanquished.

Notes
Turn   | Place    | Note
-------+----------+-------------------------------------------
     0 | D:1      | jlumianski the Gnoll Warper began the quest for the Orb.
     0 | D:1      | Reached XP level 1. HP: 20/20 MP: 6/6
   269 | D:1      | Reached XP level 2. HP: 26/26 MP: 7/7
   457 | D:1      | Learned a level 2 spell: Blink
   827 | D:1      | Reached XP level 3. HP: 28/31 MP: 9/9
   943 | D:1      | Reached skill level 5 in Spellcasting
   949 | D:1      | Learned a level 3 spell: Gell's Gravitas
  1223 | D:2      | Found a hide-covered altar of Uskayaw.
  1226 | D:2      | Noticed a +0 dagger
  1227 | D:2      | Noticed a +0 dagger
  1292 | D:2      | Reached skill level 1 in Invocations
  1570 | D:2      | Reached skill level 1 in Short Blades
  1570 | D:2      | Reached skill level 1 in Long Blades
  1570 | D:2      | Reached skill level 1 in Maces & Flails
  1570 | D:2      | Reached skill level 1 in Polearms
  1570 | D:2      | Reached skill level 1 in Staves
  1570 | D:2      | Reached skill level 1 in Slings
  1570 | D:2      | Reached skill level 1 in Bows
  1570 | D:2      | Reached skill level 1 in Crossbows
  1570 | D:2      | Reached skill level 1 in Stealth
  1570 | D:2      | Reached skill level 1 in Shields
  1570 | D:2      | Reached skill level 1 in Unarmed Combat
  1570 | D:2      | Reached skill level 1 in Evocations
  1636 | D:2      | Reached XP level 4. HP: 30/38 MP: 7/11
  1663 | D:2      | Reached skill level 1 in Conjurations
  1663 | D:2      | Reached skill level 1 in Hexes
  1663 | D:2      | Reached skill level 1 in Summonings
  1663 | D:2      | Reached skill level 1 in Necromancy
  1663 | D:2      | Reached skill level 1 in Transmutations
  1663 | D:2      | Reached skill level 1 in Fire Magic
  1663 | D:2      | Reached skill level 1 in Ice Magic
  1663 | D:2      | Reached skill level 1 in Air Magic
  1663 | D:2      | Reached skill level 1 in Earth Magic
  1663 | D:2      | Reached skill level 1 in Poison Magic
  1871 | D:2      | Found a shimmering blue altar of Sif Muna.
  2360 | D:3      | Found a sacrificial altar of Ru.
  2362 | D:3      | Noticed Terence
  2396 | D:2      | Killed Terence
  2397 | D:2      | Reached XP level 5. HP: 43/43 MP: 8/12
  2473 | D:3      | Found an ancient bone altar of Kikubaaqudgha.
  2520 | D:3      | Found a glowing silver altar of Zin.
  3418 | D:4      | Noticed Natasha
  3445 | D:4      | Killed Natasha
  3453 | D:4      | Reached XP level 6. HP: 37/50 MP: 1/13
  3653 | D:4      | Reached skill level 5 in Fighting
  3653 | D:4      | Reached skill level 5 in Axes
  3653 | D:4      | Reached skill level 5 in Dodging
  3887 | D:4      | Noticed Natasha
  3895 | D:4      | Killed Natasha
  4000 | D:4      | Noticed Natasha
  4018 | D:4      | Killed Natasha
  4180 | D:4      | Found Velleral's Book Shop.
  4829 | D:5      | Entered Level 5 of the Dungeon
  4957 | D:5      | Found a staircase to the Ecumenical Temple.
  4967 | Temple   | Entered the Ecumenical Temple
  5064 | D:5      | Reached XP level 7. HP: 32/56 MP: 15/15
  6259 | D:6      | Shot with an arrow by a centaur

Illustrated notes

Levels and vault maps discovered:
D:1:      tarquinn_simple_flora_water_c, layout_loops_corners
D:2:      layout_basic, dancing_weapons_uskayaw, overflow_temple_1_default
D:3:      layout_loops_ring, old_standard_altar, kiku_gazebo_garden_becter,
          nicolae_ru_sacrificial_ziggurat, serial_aquarium,
          aquarium_bridge_square [aquarium_subvault_bridge,
          aquarium_subvault_wall, aquarium_subvault_wall,
          aquarium_subvault_bridge], aquarium_bridge_long_joined
          [aquarium_subvault_window, aquarium_subvault_wall,
          aquarium_subvault_bridge, aquarium_subvault_wall,
          aquarium_subvault_window, aquarium_subvault_bridge],
          aquarium_window_corner, aquarium_window_fake, aquarium_view_2d,
          aquarium_view_2b, aquarium_balcony_double_3, uniq_terence
D:4:      layout_loops_ring, serial_shops, nicolae_shop_crystal, uniq_natasha
D:5:      layout_basic, minmay_temple_entry_sparse_star, serial_park_tiny_pond
D:6:      layout_rooms, serial_shops, shop, zaba_anthole
Temple:   nicolae_temple_no_exploring_needed

Skill      XL: |  1  2  3  4  5  6  7 |
---------------+----------------------+-----
Spellcasting   | 5 |  5.6
Invocations    | 1 2 |  2.7
Short Blades   | 1 2 |  2.4
Long Blades    | 1 2 |  2.4
Maces & Flails | 1 2 |  2.4
Polearms       | 1 2 |  2.4
Staves         | 1 2 |  2.4
Slings         | 1 2 |  2.4
Bows           | 1 2 |  2.4
Crossbows      | 1 2 |  2.4
Stealth        | 1 2 |  2.4
Shields        | 1 2 |  2.4
Unarmed Combat | 1 2 |  2.4
Evocations     | 1 2 |  2.4
Conjurations   | 1 2 |  2.0
Hexes          | 1 2 |  2.0
Summonings     | 1 2 |  2.0
Necromancy     | 1 2 |  2.0
Transmutations | 1 2 |  2.0
Fire Magic     | 1 2 |  2.0
Ice Magic      | 1 2 |  2.0
Air Magic      | 1 2 |  2.0
Earth Magic    | 1 2 |  2.0
Poison Magic   | 1 2 |  2.0
Throwing       | 3 |  3.6
Armour         | 3 |  3.6
Fighting       | 5 |  5.2
Axes           | 5 |  5.2
Dodging        | 5 |  5.2
Translocations | |  5.8

Action                   |  1- 3 |  4- 6 |  7- 9 || total
-------------------------+-------+-------+-------++-------
Melee: Hand axe          |   131 |   227 |    66 ||   424
       Bite              |    14 |    28 |     5 ||    47
       Punch             |     1 |     2 |       ||     3
Throw: Stone             |    29 |       |    35 ||    64
       Dart              |     1 |    14 |     5 ||    20
 Cast: Gell's Gravitas   |     1 |    13 |     3 ||    17
       Blink             |       |     3 |     3 ||     6
Evoke: Wand              |       |       |     5 ||     5
  Use: Potion            |     1 |     2 |     2 ||     5
       Scroll            |       |     2 |       ||     2
 Stab: Sleeping          |       |     1 |       ||     1
Armor: Ring mail         |    51 |    72 |    24 ||   147
Dodge: Dodged            |   101 |   165 |    47 ||   313
